 Dungeon Sprint DCSS version 0.19-a0-1568-gdd01aac (webtiles) character file.

11244 poirepourri the Imperceptible (level 11, -9/51 HPs)
             Began as a Spriggan Enchanter on Sept 15, 2016.
             Was a High Priest of Dithmenos.
             Killed from afar by a fire giant (31 damage)
             ... with a fireball
             ... in the Dungeon (Sprint I: "Red Sonja").
             The game lasted 00:04:53 (1401 turns).

poirepourri the Imperceptible (Spriggan Enchanter)  Turns: 1401, Time: 00:04:54

Health: -9/51      AC:  3    Str:  4    XL:     11   Next: 46%
Magic:  12/30      EV: 29    Int: 17    God:    Dithmenos [*****.]
Gold:   1139       SH:  0    Dex: 20    Spells: 5 memorised, 26 levels left

rFire  . . .     SeeInvis +     a - +1 dagger
rCold  . . .     Gourm    .     b - +1 robe
rNeg   . . .     Faith    .     (shield restricted)
rPois  .         Spirit   .     (helmet restricted)
rElec  .         Dismiss  .     (no cloak)
rCorr  .         Reflect  .     (gloves unavailable)
MR     +....     Harm     .     (boots unavailable)
Stlth  ++++++++++ NoTele   +    (no amulet)
                                (no ring)
                                (no ring)

@: very slightly contaminated, wreathed by umbra, very quick
A: unfitting armour, see invisible, herbivore 3, speed 3, slow metabolism 2
a: Shadow Step, Shadow Form, Renounce Religion


You were in the Dungeon.
You worshipped Dithmenos.
Dithmenos was extremely pleased with you.
You were not hungry.

You visited 1 branch You collected 1194 gold pieces.
You spent 55 gold pieces at shops.

Inventory:

Hand Weapons
 a - a +1 dagger (weapon)
 k - a +0 blowgun
Missiles
 l - 4 curare-tipped needles
Armour
 b - a +1 robe (worn)
Scrolls
 m - 3 scrolls of identify
Potions
 e - 2 potions of curing
 f - 2 potions of heal wounds
 g - a potion of haste
 h - a potion of magic
 i - a potion of berserk rage
 n - a potion of cancellation
Books
 c - a book of Maledictions

   Spells                             Type                      Level
   a - Corona                         Hexes                        1
   b - Ensorcelled Hibernation        Hexes/Ice                    2
   c - Confuse                        Hexes                        3
   d - Tukima's Dance                 Hexes                        3
   e - Dazzling Spray                 Conjuration/Hexes            3
Comestibles
 d - 2 bread rations


   Skills:
 + Level 2.3 Fighting
 + Level 9.3 Short Blades
 + Level 11.6 Dodging
 + Level 25.4 Stealth
 + Level 14.3 Spellcasting
 + Level 15.8 Hexes
 + Level 2.0 Invocations


You had 26 spell levels left.
You knew the following spells:

 Your Spells              Type           Power        Failure   Level  Hunger
a - Corona                Hex            ######.      0%          1    None
b - Ensorcelled Hibernat  Hex/Ice        #####.       1%          2    None
c - Confuse               Hex            ######..     1%          3    None
d - Tukima's Dance        Hex            ######..     1%          3    None
e - Dazzling Spray        Conj/Hex       #####.       1%          3    None


Dungeon Overview and Level Annotations

Branches:
Dungeon (1/1)

Altars:
Cheibriados
Dithmenos
Elyvilon
Fedhas
Gozag
Hepliaklqana
Kikubaaqudgha
Makhleb
Nemelex Xobeh
Okawaru
Qazlal
Ru
Sif Muna
Trog
Uskayaw
Vehumet
Xom
Yredelemnul
Zin
The Shining One
Jiyva
Lugonu

Shops:
D ![


Innate Abilities, Weirdness & Mutations

You are tiny and cannot use many weapons and most armour.
You have supernaturally acute eyesight. (SInv)
You are a herbivore.
You cover ground extremely quickly.
You need consume almost no food.


Message History

Confirm with . or Enter, or press ? or * to list all spells.
Aiming: Confuse
Press: ? - help, Shift-Dir - straight line, f/p - fire giant
Aim: a fire giant, wielding a great sword of flaming (umbra, chance to defeat MR: 26%)
The fire giant appears confused.
The fire giant gestures wildly.
Casting: Confuse
Confirm with . or Enter, or press ? or * to list all spells.
Aiming: Dazzling Spray
Press: ? - help, Shift-Dir - straight line, f/p - fire giant
Aim: a fire giant, wielding a great sword of flaming (confused, umbra)
The spray of energy hits the fire giant.
The fire giant is lightly wounded.
The fire giant is dazzled.
The spray of energy hits the fire giant.
The fire giant is lightly wounded.
The fire giant casts a spell at you.
The fireball explodes!
The fireball engulfs you!
Ouch! That really hurt!
You die...

##'###.9§ #..###.#
##.'.#§§§#
#.##...#
.###§#..##
#..#+### )∩##.#..#
##...# ####§#
###.# #§# #.# +§#
#.# #§# ####'#
#§##### ###@...#
+§#[$=#####...####
###(.§§§)CCC###
#))$§§..#####
#!(.§§§# #[.§§§#
#$$§§$# #######
#≈≈≈≈≈≈


You could see 3 fire giants.

Vanquished Creatures
  A fire giant (D)
  2 centaur warriors (D)
  Sonja (D)
  5 unseen horrors (D)
  A deep troll (D)
  A lindwurm (D)
  An oklob plant (D)
  2 kobold demonologists (D)
  4 demonic crawlers (D)
  A slime creature (D)
  Sigmund (D)
  2 redbacks (D)
  13 hogs (D)
  A yak (D)
  A floating eye (D)
  A wasp (D)
  An ogre (D)
  A jelly (D)
  Ijyb (D)
41 creatures vanquished.

Vanquished Creatures (others)
  A gargoyle (D)
1 creature vanquished.

Grand Total: 42 creatures vanquished

Notes
Turn   | Place    | Note
-------+----------+-------------------------------------------
     0 | D        | poirepourri the Spriggan Enchanter began the quest for the Orb.
     0 | D        | Reached XP level 1. HP: 9/9 MP: 5/5
     3 | D        | Noticed Ijyb
     7 | D        | Killed Ijyb
     7 | D        | Reached skill level 5 in Dodging
     7 | D        | Reached skill level 8 in Stealth
     7 | D        | Reached XP level 2. HP: 13/13 MP: 6/6
    13 | D        | Learned a level 2 spell: Ensorcelled Hibernation
    17 | D        | Noticed an ogre
    35 | D        | Killed an ogre
    35 | D        | Reached skill level 10 in Stealth
    35 | D        | Reached XP level 3. HP: 16/16 MP: 4/9
    35 | D        | Reached XP level 4. HP: 21/21 MP: 4/11
   108 | D        | Noticed Sigmund
   113 | D        | Killed Sigmund
   113 | D        | Reached skill level 12 in Stealth
   113 | D        | Reached XP level 5. HP: 24/24 MP: 9/14
   161 | D        | Found a deep blue altar of Sif Muna.
   163 | D        | Found a radiant altar of Vehumet.
   167 | D        | Reached XP level 6. HP: 28/28 MP: 14/16
   169 | D        | Found Lypanoq's Distillery.
   169 | D        | Found an ancient bone altar of Kikubaaqudgha.
   169 | D        | Found a hazy altar of Hepliaklqana.
   169 | D        | Found a stormy altar of Qazlal.
   169 | D        | Found a hide-covered altar of Uskayaw.
   169 | D        | Found a blossoming altar of Fedhas.
   169 | D        | Found a bloodstained altar of Trog.
   169 | D        | Found an iron altar of Okawaru.
   169 | D        | Found a basalt altar of Yredelemnul.
   169 | D        | Found a glowing golden altar of the Shining One.
   169 | D        | Found a snail-covered altar of Cheibriados.
   169 | D        | Found a sacrificial altar of Ru.
   169 | D        | Found a glowing silver altar of Zin.
   169 | D        | Found a shadowy altar of Dithmenos.
   169 | D        | Found a white marble altar of Elyvilon.
   169 | D        | Noticed a yak
   170 | D        | Found an opulent altar of Gozag.
   171 | D        | Killed a yak
   171 | D        | Reached skill level 14 in Stealth
   171 | D        | Reached skill level 10 in Hexes
   172 | D        | Found a sparkling altar of Nemelex Xobeh.
   180 | D        | Became a worshipper of Dithmenos the Shadowed
   193 | D        | Bought a potion of heal wounds for 55 gold pieces
   238 | D        | Learned a level 3 spell: Confuse
   242 | D        | Learned a level 3 spell: Tukima's Dance
   246 | D        | Learned a level 3 spell: Dazzling Spray
   250 | D        | Found a burning altar of Makhleb.
   250 | D        | Found a viscous altar of Jiyva.
   250 | D        | Found a shimmering altar of Xom.
   250 | D        | Found a corrupted altar of Lugonu.
   250 | D        | Noticed a slime creature
   253 | D        | Killed a slime creature
   253 | D        | Reached XP level 7. HP: 32/32 MP: 17/19
   279 | D        | Noticed Sonja
   283 | D        | Killed Sonja
   283 | D        | Reached skill level 16 in Stealth
   283 | D        | Reached XP level 8. HP: 36/36 MP: 20/22
   303 | D        | Noticed a deep troll
   320 | D        | Killed a deep troll
   320 | D        | Reached * piety under Dithmenos
   320 | D        | Reached skill level 5 in Short Blades
   320 | D        | Reached skill level 17 in Stealth
   448 | D        | Found Ycwoir's Armour Emporium.
   467 | D        | Killed a gargoyle
   475 | D        | Noticed a centaur warrior
   477 | D        | Noticed a centaur warrior
   479 | D        | Killed a centaur warrior
   479 | D        | Reached skill level 18 in Stealth
   479 | D        | Reached skill level 10 in Spellcasting
   479 | D        | Reached XP level 9. HP: 39/39 MP: 22/24
   482 | D        | Killed a centaur warrior
   482 | D        | Reached skill level 10 in Dodging
   482 | D        | Reached skill level 19 in Stealth
   495 | D        | Reached ** piety under Dithmenos
   561 | D        | Noticed an oklob plant
   563 | D        | Killed an oklob plant
   572 | D        | Reached skill level 20 in Stealth
   610 | D        | Noticed a kobold demonologist
   611 | D        | Noticed a kobold demonologist
   616 | D        | Killed a kobold demonologist
   616 | D        | Reached *** piety under Dithmenos
   616 | D        | Reached XP level 10. HP: 39/44 MP: 15/26
   747 | D        | Reached skill level 21 in Stealth
   747 | D        | Reached skill level 1 in Invocations
   750 | D        | Reached **** piety under Dithmenos
   750 | D        | Reached skill level 1 in Fighting
   793 | D        | Noticed a gargoyle
   807 | D        | Noticed a lindwurm
   809 | D        | Killed a lindwurm
   809 | D        | Reached skill level 22 in Stealth
   819 | D        | Reached ***** piety under Dithmenos
   835 | D        | Reached skill level 23 in Stealth
   850 | D        | Reached skill level 15 in Hexes
   907 | D        | Noticed a daeva
   910 | D        | Noticed an unseen horror
   910 | D        | Noticed an unseen horror
   910 | D        | Noticed an unseen horror
   911 | D        | Noticed an unseen horror
   913 | D        | Killed an unseen horror
   913 | D        | Reached ****** piety under Dithmenos
   913 | D        | Reached XP level 11. HP: 25/50 MP: 29/29
   914 | D        | Noticed an unseen horror
   915 | D        | Killed an unseen horror
   915 | D        | Reached skill level 24 in Stealth
   916 | D        | Killed an unseen horror
   918 | D        | Killed an unseen horror
   921 | D        | Killed an unseen horror
  1386 | D        | Noticed a fire giant
  1389 | D        | Noticed a fire giant
  1389 | D        | Noticed a fire giant
  1389 | D        | Noticed a fire giant
  1390 | D        | Killed a fire giant
  1390 | D        | Reached skill level 25 in Stealth
  1401 | D        | Killed from afar by a fire giant

Vault maps used:
D:        dungeon_sprint_1

Skill      XL: |  1  2  3  4  5  6  7  8  9 10 11 |
---------------+----------------------------------+-----
Dodging        | 5 6 7 8 9 10 11 | 11.6
Stealth        | 8 10 12 14 16 18 20 23 25 | 25.4
Short Blades   | 2 4 6 7 9 |  9.3
Spellcasting   | 4 6 8 9 10 11 13 14 | 14.3
Hexes          | 6 8 10 12 13 14 15 | 15.8
Invocations    | 1 2 |  2.0
Fighting       | 2 |  2.3

Action                   |  1- 3 |  4- 6 |  7- 9 | 10-12 || total
-------------------------+-------+-------+-------+-------++-------
Melee: Dagger            |     4 |     5 |    16 |    31 ||    56
 Cast: Ensorcelled Hiber |     4 |     1 |     4 |    24 ||    33
       Confuse           |       |       |     2 |     1 ||     3
       Dazzling Spray    |       |       |       |     1 ||     1
Invok: Shadow Step       |       |       |     1 |     2 ||     3
       Shadow Form       |       |       |       |     1 ||     1
  Use: Potion            |     1 |       |       |     1 ||     2
       Scroll            |       |     1 |     2 |     1 ||     4
 Stab: Sleeping          |     2 |     4 |     9 |    25 ||    40
       Confused          |       |       |     1 |       ||     1
Dodge: Dodged            |     3 |     1 |    13 |    20 ||    37
